 Dungeon Crawl Stone Soup version 0.24.0-13-gcf9b3192b9 (console) character file.

Game seed: 11871884818433565488, levelgen mode: deterministic

643 AlterAsc the Changer (level 7, -5/64 HPs)
             Began as an Octopode Transmuter on Nov 9, 2019.
             Slain by Duvessa
             ... wielding a +0 rapier
              (10 damage)
             ... on level 4 of the Dungeon.
             The game lasted 00:11:18 (5157 turns).

AlterAsc the Changer (Octopode Transmuter)          Turns: 5157, Time: 00:11:18

Health: -5/64      AC: 23    Str: 12    XL:     7   Next: 51%
Magic:  7/13       EV:  2    Int: 15    God:
Gold:   206        SH:  0    Dex: 12    Spells: 4/14 levels left

rFire    . . .     SeeInvis .     - Unarmed
rCold    . . .     Gourm    .   (no shield)
rNeg     + + +     Faith    .   (helmet currently unavailable)
rPois    +         Spirit   .   (no amulet)
rElec    .         Reflect  .   b - +1 ring of evasion
rCorr    .         Harm     .   (no ring)
MR       .....     NoTele   +   (no ring)
Stlth    +.........             (no ring)
HPRegen  0.20/turn              (no ring)
MPRegen  0.13/turn              (no ring)
                                (no ring)
                                (no ring)

@: tree-form, very slightly contaminated, glowing
A: almost no armour, stealthy swim, (amphibious), 8 rings, (constrict 8)
a: no special abilities


You were on level 4 of the Dungeon.
You were hungry.
You were a tree.
You visited 1 branch of the dungeon, and saw 4 of its levels.

You collected 266 gold pieces.
You spent 60 gold pieces at shops.

Inventory:

Missiles
 a - 58 arrows
Jewellery
 b - a +1 ring of evasion (left branch)
 l - a cursed ring of protection from cold {unknown}
 n - an uncursed ring of magical power {unknown}
Wands
 s - a wand of enslavement (2)
Scrolls
 d - 5 scrolls of identify {unknown}
 e - 4 scrolls of teleportation {unknown}
 h - a scroll of magic mapping {unknown}
 k - 2 scrolls of blinking {unknown}
 m - a scroll of fear {unknown}
 p - a scroll of enchant armour {unknown}
 q - a scroll of amnesia {unknown}
 r - a scroll of remove curse {unknown}
Potions
 f - 3 potions of lignification
 g - 2 potions of agility {unknown}
 i - a potion of heal wounds
 j - 2 potions of resistance {unknown}
 o - 2 potions of might {unknown}
Comestibles
 c - 7 rations
 t - 7 chunks of flesh


   Skills:
 - Level 1.0 Fighting
 - Level 2.0 Dodging
 - Level 3.0 Unarmed Combat
 + Level 4.3 Spellcasting
 * Level 6.4 Transmutations
 - Level 2.0 Ice Magic


You had 4 spell levels left.
You knew the following spells:

 Your Spells              Type           Power        Failure   Level  Hunger
a - Beastly Appendage     Tmut           ###...       1%          1    None
b - Sticks to Snakes      Tmut           ###.....     1%          2    ##.....
c - Spider Form           Tmut/Pois      ##........   14%         3    ###....
d - Ice Form              Ice/Tmut       ###.....     30%         4    ####...

Your spell library contained the following spells:

 Spells                   Type           Power        Failure   Level  Hunger
 Blade Hands              Tmut           ###.......   34%         5    ######.


Dungeon Overview and Level Annotations

Branches:
Dungeon (4/15)
 Temple: D:4-7

Altars:

Shops:
D:4 %!*

Annotations:
D:4 Duvessa, Menkaure


Innate Abilities, Weirdness & Mutations

You cannot wear most types of armour.
You are very stealthy in the water. (Stealth+)
((You are amphibious.))
You can wear up to eight rings at the same time.
((You can use your tentacles to constrict eight enemies at once.))
((Your skin changes colour to match your surroundings (Stealth+).))
((Your rubbery body absorbs attacks. (AC +1, EV +1)))


Message History

There is something else lying underneath.
The floor.
You punch Duvessa! You freeze Duvessa.
Duvessa is moderately wounded.
Duvessa hits you with a +0 rapier! Duvessa hits you with a +0 rapier!!
* * * LOW HITPOINT WARNING * * *
You feel much better. Duvessa hits you with a +0 rapier!
You hit Duvessa but do no damage.
Duvessa is moderately wounded.
Duvessa hits you with a +0 rapier!
* * * LOW HITPOINT WARNING * * *
Really quaff the potion of lignification?
You warm up again.
You turn into a tree.
Your roots penetrate the ground.
Duvessa hits you but does no damage. Duvessa hits you with a +0 rapier.
* * * LOW HITPOINT WARNING * * *
You smack Duvessa!
Duvessa is heavily wounded.
Duvessa hits you with a +0 rapier!
You die...

# ...#......####### .
..........<.....## # ...
#.##.........
##.###.##.####.#.#
#.........r###.#.#####
###..###.....e..........
.............###.#.####
###.......##.###e#.
..............##♣#.#
#............###.#.#####
#..≈≈........# #...##..
#.≈..≈.......# ##..##.##
≈≈≈..≈..≈≈[$.≈# #..#...##
≈≈..≈..≈..≈..≈≈##.......#.#
≈...≈.⌠≈..≈..≈≈##.........#
≈..≈..≈⌠.≈...≈≈##.........#
≈..≈..≈..≈..≈≈≈###........#


You could see Duvessa (berserk).

Vanquished Creatures
  A bullfrog (D:4)
  2 scorpions (D:4)
  Dowan (D:4)
  2 hounds
  2 orc wizards (D:4)
  An orc priest (D:3)
  Ijyb (D:4)
  2 worker ants (D:4)
  5 adders
  8 gnolls
  4 worms
  A leopard gecko (D:3)
  6 orcs
  2 ball pythons (D:4)
  11 bats
  3 giant cockroaches
  4 hobgoblins
  9 jackals
  8 kobolds
  A quokka (D:4)
  5 frilled lizards
  4 goblins
  A quokka skeleton (D:4)
  9 rats
93 creatures vanquished.

Vanquished Creatures (collateral kills)
  A giant cockroach (D:4)
1 creature vanquished.

Grand Total: 94 creatures vanquished

Notes
Turn   | Place    | Note
-------+----------+-------------------------------------------
     0 | D:1      | AlterAsc the Octopode Transmuter began the quest for the
                  | Orb.
     0 | D:1      | Reached XP level 1. HP: 13/13 MP: 3/3
   341 | D:1      | Reached XP level 2. HP: 17/18 MP: 5/5
   782 | D:1      | Learned a level 2 spell: Sticks to Snakes
  1215 | D:2      | Reached skill level 3 in Transmutations
  1215 | D:2      | Reached XP level 3. HP: 12/23 MP: 4/6
  1547 | D:2      | Learned a level 3 spell: Spider Form
  1796 | D:2      | Reached XP level 4. HP: 25/28 MP: 5/8
  2577 | D:3      | Reached skill level 4 in Transmutations
  2967 | D:2      | Reached XP level 5. HP: 12/33 MP: 5/9
  3803 | D:3      | Learned a level 4 spell: Ice Form
  3962 | D:4      | Reached skill level 5 in Transmutations
  3962 | D:4      | Reached XP level 6. HP: 31/38 MP: 8/11
  3968 | D:4      | Found Opeem's Distillery.
  4165 | D:4      | Reached skill level 1 in Ice Magic
  4178 | D:4      | Bought a potion of heal wounds for 60 gold pieces
  4322 | D:4      | Found Joyfanic's Food Shop.
  4410 | D:4      | Noticed Menkaure
  4817 | D:4      | Noticed Ijyb
  4837 | D:4      | Killed Ijyb
  4837 | D:4      | Reached XP level 7. HP: 43/43 MP: 8/12
  4999 | D:4      | Found Sidam's General Store.
  5056 | D:4      | Reached skill level 6 in Transmutations
  5128 | D:4      | Noticed Dowan
  5129 | D:4      | Noticed Duvessa
  5150 | D:4      | Killed Dowan
  5157 | D:4      | Slain by Duvessa

Levels and vault maps discovered:
D:1:      arrival_zaba_pyramid, layout_basic, nrook_mini_vaults
D:2:      layout_basic, first_ration
D:3:      layout_rooms, minmay_quantized
D:4:      cheibrodos_helix_gallery, layout_loops_ring, serial_shops, shop,
          nicolae_shop_waterfront, nicolae_shop_trees, kennysheep_mini_moat,
          kennysheep_generic_room_5, uniq_menkaure, uniq_duvessa, uniq_ijyb

Skill      XL: |  1  2  3  4  5  6  7 |
---------------+----------------------+-----
Transmutations | 3 4 5 6 |  6.4
Spellcasting   | 3 4 |  4.3
Ice Magic      | 1 2 |  2.0
Fighting       | |  1.0
Dodging        | |  2.0
Unarmed Combat | |  3.0

Action                   |  1- 3 |  4- 6 |  7- 9 || total
-------------------------+-------+-------+-------++-------
Melee: Unarmed           |    72 |   142 |    53 ||   267
       Constrict         |    19 |    21 |     2 ||    42
       Tentacles         |    11 |    11 |       ||    22
       Kick              |     8 |    11 |       ||    19
       Punch             |     1 |       |       ||     1
 Cast: Beastly Appendage |    17 |    13 |       ||    30
       Spider Form       |       |     8 |     2 ||    10
       Sticks to Snakes  |       |     3 |       ||     3
       Ice Form          |       |     1 |     2 ||     3
  Use: Potion            |       |     1 |     2 ||     3
 Stab: Sleeping          |     8 |     2 |       ||    10
  Eat: Chunk             |     1 |    11 |     3 ||    15
Armor: Skin              |     8 |     7 |     8 ||    23
Dodge: Dodged            |    54 |    93 |    27 ||   174
